Cogmind - Beta 10 X1 @@@ ROGUE MODE // 2020.06.09 @ 12:10:01 Player: Kyzrati Result: Self-destructed Performance ------------- Evolutions (5) 2500 Regions Visited (10) 2000 Robots Destroyed (135) 675 Value Destroyed (4415) 4415 Prototype IDs (9) 180 Alien Tech Used (0) 0 Bonus (1599) 1599 TOTAL SCORE: 11369 Bonus ------- High Alert Combat Kills 189 Follower Combat Kills 1184 Built Enhanced Grunts 300 A7 Reached Mainframe 300 Friendly Fire -374 Cogmind --------- Core Integrity 160/1000 Matter 90/300 Energy 100/100 System Corruption 9% Temperature Cool (0) Movement Core (300) Ox5 Location -5/Factory Parts ------- > --- POWER (2) -------- (None) > --- PROPULSION (5) --- (None) > --- UTILITY (8) ------ Enhanced Optical Array Improved Launcher Guidance Computer Improved Core Analyzer Hacking Suite > --- WEAPON (2) ------- Magnetic Acceleration Cannon Magnetic Acceleration Cannon > --- INVENTORY (4) ---- High-capacity Matter Pod (200) High-capacity Matter Pod (200) Heavy Reactive Plating Peak State ------------ > --- POWER ------------ Fission Core Micro Fission Core > --- PROPULSION ------- Centrium Heavy Treads Centrium Heavy Treads Carbon-fiber Leg > --- UTILITY ---------- Advanced Heat Sink Large Storage Unit Large Storage Unit Enhanced Optical Array Improved Targeting Computer Centrium Medium Armor Plating Hacking Suite Hacking Suite > --- WEAPON ----------- Variable Charge Gun Micro-nuke Launcher > --- INVENTORY -------- Micro Fission Core Antimatter Reactor Gravmag System Gyrokinetic Inverter High-capacity Matter Pod High-capacity Matter Pod Matter Compressor Improved Particle Charger Heavy Reactive Plating Long-range Tractor Beam Long-range Tractor Beam Improved Heavy Machine Gun Remote Datajack Power Sword Power Sword [Rating: 98] Favorites ----------- Power Fission Core Engine Cooled Ion Engine Power Core Fission Core Reactor Light Antimatter Reactor Propulsion Improved Titanium Leg Treads Centrium Heavy Treads Leg Improved Titanium Leg Wheel Compact Wheel Hover Unit Gyrokinetic Inverter Utility Large Storage Unit Device Improved Heat Sink Storage Large Storage Unit Processor Enhanced Optical Array Hackware Hacking Suite Protection Hardened Medium Armor Plating Weapon Shock Bomb Launcher Energy Gun Variable Charge Gun Energy Cannon Advanced Beam Cannon Ballistic Gun Improved Heavy Machine Gun Ballistic Cannon Improved Light Cannon Launcher Shock Bomb Launcher Special Weapon Remote Datajack Slashing Weapon Power Sword Build | -11 -10 -9 -8 -7 -6 -6 -6 -6 -6 -5 ------- Run | Scr Mat Mat Mat Fac Fac Ext Cet Arc Hub Fac Slots Evolved 10 | . . 2 2 2 2 . . . . 2 Power 1 | . . . . 1 . . . . . . Propulsion 3 | . . 1 1 1 . . . . . . Utility 6 | . . 1 1 . 2 . . . . 2 Weapon . | . . . . . . . . . . . Parts Attached 131 | 6 3 13 21 7 2 34 4 3 4 34 Power 15 | 1 . 2 . 2 . 5 1 1 . 3 Engine 7 | 1 . 2 . 1 . 2 . 1 . . Core 6 | . . . . 1 . 2 1 . . 2 Reactor 2 | . . . . . . 1 . . . 1 Propulsion 33 | 2 . 3 9 2 . 10 3 . . 4 Treads 9 | . . 2 . . . 5 2 . . . Leg 18 | . . . 9 2 . 5 1 . . 1 Wheel 3 | 2 . 1 . . . . . . . . Hover 3 | . . . . . . . . . . 3 Flight . | . . . . . . . . . . . Utility 36 | 1 2 1 4 1 2 12 . 2 1 10 Device 11 | . . . 1 . 1 2 . 2 1 4 Storage 6 | 1 2 . 2 . . 1 . . . . Processor 5 | . . 1 . . . 1 . . . 3 Hackware 2 | . . . . . . 2 . . . . Protection 12 | . . . 1 1 1 6 . . . 3 Artifact . | . . . . . . . . . . . Weapon 47 | 2 1 7 8 2 . 7 . . 3 17 Energy Gun 9 | 1 1 1 5 . . . . . . 1 Energy Cannon 1 | . . 1 . . . . . . . . Ballistic Gun 9 | 1 . 1 1 . . . . . 2 4 Ballistic Cannon 4 | . . 2 . . . . . . . 2 Launcher 19 | . . 2 2 2 . 5 . . . 8 Special Weapon 1 | . . . . . . 1 . . . . Impact Weapon . | . . . . . . . . . . . Slashing Weapon 4 | . . . . . . 1 . . 1 2 Piercing Weapon . | . . . . . . . . . . . Special Melee Weapon . | . . . . . . . . . . . Unidentified Prototypes 9 | . . 3 2 1 . . 1 . 1 1 Parts Lost 36 | . 1 1 1 . . 14 . . . 19 Power 1 | . . . . . . . . . . 1 Propulsion 12 | . . 1 1 . . 5 . . . 5 Utility 12 | . . . . . . 5 . . . 7 Weapon 11 | . 1 . . . . 4 . . . 6 Highest Loss Streak 6 | . 1 1 1 . . 6 . . . 6 Average Slot Usage (%) 90 | . 98 84 97 98 94 98 89 86 84 78 Engine 4 | . 12 7 9 6 6 3 6 6 6 . Core 5 | . . . . 6 6 7 5 6 6 9 Treads 6 | . . 3 . . . 7 16 13 13 8 Leg 16 | . . . 30 37 33 24 6 6 4 3 Wheel 3 | . 28 26 4 . . . . . . . Device 4 | . . . 6 . 1 6 6 6 6 4 Storage 14 | . 27 22 18 15 13 13 13 13 13 9 Processor 5 | . . 2 9 5 . 1 6 6 6 11 Hackware 5 | . . . . . . 3 13 13 13 10 Protection 6 | . . . 2 8 19 12 . . . 3 Energy Gun 2 | . 14 . 10 . . . . . . 2 Ballistic Gun 1 | . 14 1 . . . . . . 2 3 Launcher 8 | . . 8 7 15 13 11 13 13 10 2 Naked Turns . | . . . . . . . . . . . Heaviest Build 92 | 12 40 52 60 78 92 92 68 66 65 72 Greatest Support 160 | 32 32 42 80 98 98 100 160 160 160 160 Greatest Overweight (x) 3 | 2 1 1 2 . . 1 . . . 3 Average Overweight (x) . | . . . . . . . . . . . Largest Inventory Capacity 16 | 6 16 16 16 16 16 16 16 16 16 16 Average Capacity 15 | 5 15 16 16 16 16 16 16 16 16 14 Most Carried 16 | 5 11 16 16 16 16 16 16 16 16 16 Average Carried 14 | 2 8 12 15 15 15 14 15 15 16 14 Final Capacity 16 | 6 16 16 16 16 16 16 16 16 16 4 Final Carried 16 | 5 10 16 16 16 15 15 15 16 16 4 Class Distribution -------------------- 55% | Mutant 40% | Scavenger-Mutant 3% | Hacker-Mutant Dominant Class ---------------- Mutant | -10/Materials Mutant | -9/Materials Mutant | -8/Materials Mutant | -7/Factory Mutant | -6/Factory Mutant | -6/Extension Scavenger-Mutant | -6/Cetus Scavenger-Mutant | -6/Archives Scavenger-Mutant | -6/Hub_04(d) Scavenger-Mutant | -5/Factory Resources | -11 -10 -9 -8 -7 -6 -6 -6 -6 -6 -5 ----------- Run | Scr Mat Mat Mat Fac Fac Ext Cet Arc Hub Fac Matter Collected 3389 | 147 118 455 531 128 52 1102 105 46 144 561 Remotely . | . . . . . . . . . . . Salvage Created 4319 | . 135 468 924 231 124 1493 6 . 230 708 Parts 254 | . 13 26 57 8 5 80 . . 12 53 Haulers Intercepted 2 | . . 1 1 . . . . . . . Recyclers Shooed 5 | . . . 2 . . 3 . . . . Parts Field Recycled . | . . . . . . . . . . . Retrieved Matter . | . . . . . . . . . . . Parts Self-Destructed . | . . . . . . . . . . . Prevented . | . . . . . . . . . . . Kills | -11 -10 -9 -8 -7 -6 -6 -6 -6 -6 -5 ------- Run | Scr Mat Mat Mat Fac Fac Ext Cet Arc Hub Fac Combat Hostiles Destroyed 96 | . 7 11 18 4 3 28 1 . 5 19 Melee 4 | . . . . . . 1 . . 2 1 Guns 21 | . 7 1 6 . . . . . 1 6 Cannons 6 | . . 4 . . . . . . . 2 AOE 62 | . . 6 12 4 2 25 1 . 2 10 Classes Destroyed 16 | . 2 4 3 . . 3 . . . 4 Worker 15 | . . 2 1 1 . 4 . . 1 6 Builder 14 | . . 1 2 . . 4 . . . 7 Tunneler 3 | . . . 1 . . 2 . . . . Hauler 2 | . . 1 1 . . . . . . . Recycler 2 | . . . 1 . . 1 . . . . Mechanic 1 | . . . . . . 1 . . . . Operator 1 | . . . . . . 1 . . . . Watcher 1 | . . . . . . . . . . 1 Swarmer 34 | . 6 3 8 . 2 15 . . . . Grunt 36 | . 1 6 5 4 1 8 . . 3 8 Brawler 1 | . . . . . . . . . . 1 Duelist 1 | . . . . . . . . . . 1 Sentry 13 | . . 2 4 . . 1 . . 2 4 Hunter 4 | . . . 1 . . 2 . . . 1 Programmer 4 | . . . . . . . . . . 4 Behemoth 2 | . . . . . . 2 . . . . Cetus Guard 1 | . . . . . . . 1 . . . Best Kill Streak 19 | . 4 7 7 5 2 15 1 . 4 19 Combat Bots Only 12 | . 4 6 5 4 2 12 1 . 3 5 Max Kills in Single Turn 8 | . 1 3 4 3 2 4 1 . 2 8 Gunslinging . | . . . . . . . . . . . Exploded 4 | . . 3 4 3 2 3 1 . 2 3 Melee 1 | . . . . . . 1 . . 1 1 Uniques/NPCs Destroyed . | . . . . . . . . . . . Combat | -11 -10 -9 -8 -7 -6 -6 -6 -6 -6 -5 -------- Run | Scr Mat Mat Mat Fac Fac Ext Cet Arc Hub Fac Damage Taken 8946 | . 253 326 570 160 170 2897 154 73 502 3841 Core 1444 | . 69 75 69 18 13 241 24 . 95 840 Absorbed by Shields 56 | . . . . . . . 38 . . 18 Core Remaining (%) 82 | 100 72 81 87 97 . . . . 56 . Volleys Fired 183 | . 17 24 29 7 4 48 3 . 5 46 Largest 2 | . 2 2 2 2 2 2 2 . 2 2 Hottest 126 | . 60 107 126 72 72 72 66 . 66 106 Shots Fired 317 | . 34 48 56 11 8 81 6 . 9 64 Gun 104 | . 34 2 40 . . . . . 3 25 Cannon 56 | . . 38 . . . . . . . 18 Launcher 153 | . . 8 16 11 8 77 6 . 6 21 Special 4 | . . . . . . 4 . . . . Kinetic 92 | . 17 31 . . . . . . 3 41 Thermal 57 | . 6 9 40 . . . . . . 2 Explosive 50 | . . . . 4 . 13 6 . 6 21 Electromagnetic 114 | . 11 8 16 7 8 64 . . . . Robot Hit Streak 15 | . 7 6 15 1 1 9 15 . 5 10 Robot Miss Streak 7 | . 5 3 2 2 6 7 . . 2 1 Penetration Max . | . . . . . . . . . . . Secondary Targets 4 | . 2 . 1 . . . . . . 1 Max Gunslinging Chain 1 | . 1 . 1 . . . . . . 1 Shots Hit Robots 206 | . 16 25 35 3 1 49 6 . 9 62 Core Hits 273 | . 9 20 35 9 8 80 14 . 22 76 Critical Hits 2 | . . 1 . . . . . . 1 . Critical Kills 1 | . . 1 . . . . . . . . Critical Parts Destroyed 1 | . . . . . . . . . 1 . Melee Attacks 18 | . . . . . . 3 . . 6 9 Impact . | . . . . . . . . . . . Slashing 18 | . . . . . . 3 . . 6 9 Piercing . | . . . . . . . . . . . Sneak Attacks 1 | . . . . . . . . . 1 . Combat Hostiles 1 | . . . . . . . . . 1 . Follow-up Attacks . | . . . . . . . . . . . Damage Inflicted 13695 | . 167 908 1432 451 211 4292 429 . 1034 4771 Guns 1233 | . 159 18 460 . . . . . 36 560 Cannons 818 | . . 399 . . . . . . . 419 Explosions 10997 | . . 491 972 451 211 4179 429 . 787 3477 Melee 636 | . . . . . . 113 . . 211 312 Ramming 11 | . 8 . . . . . . . . 3 Kinetic 1355 | . 39 356 . . . . . . 36 924 Thermal 2606 | . 23 134 678 79 . 713 . . . 979 Explosive 4840 | . . . . . . 1071 429 . 787 2553 Electromagnetic 4247 | . 97 418 754 372 211 2395 . . . . Impact . | . . . . . . . . . . . Slashing 636 | . . . . . . 113 . . 211 312 Piercing . | . . . . . . . . . . . Highest Corruption 9 | . 4 . 2 . . 4 4 4 4 9 Average Corruption 3 | . 3 . 2 . . 4 4 4 4 4 Corruption Purged . | . . . . . . . . . . . Effects 71 | . 2 . 2 . . 30 5 3 8 21 Message Errors 18 | . 1 . 1 . . 5 2 1 2 6 Matter Fused 16 | . . . . . . 7 2 1 2 4 Heat Flow Errors 7 | . . . . . . 5 . 1 1 . Energy Discharges 8 | . . . . . . 2 . . 2 4 Parts Rejected 5 | . 1 . . . . 2 . . 1 1 Data Loss (minor) 7 | . . . . . . 5 1 . . 1 Targeting Errors 8 | . . . 1 . . 3 . . . 4 Weapon Failures 2 | . . . . . . 1 . . . 1 Overload Shots . | . . . . . . . . . . . Overflow Damage 403 | . . 1 21 . . 109 . . 11 261 Projectiles 10 | . . 1 . . . . . . . 9 Explosions 393 | . . . 21 . . 109 . . 11 252 Melee . | . . . . . . . . . . . Knockbacks 2 | . . 2 . . . . . . . . Impact . | . . . . . . . . . . . Kinetic 2 | . . 2 . . . . . . . . Secondary . | . . . . . . . . . . . Self-Inflicted Damage 406 | . 4 1 16 . 60 108 . . . 217 Shots 18 | . . 1 2 . 3 7 . . . 5 Rammed 3 | . 2 . . . . . . . . 1 Targets Rammed 3 | . 2 . . . . . . . . 1 Kicked . | . . . . . . . . . . . Crushed . | . . . . . . . . . . . Highest Temperature 435 | . 64 245 252 207 124 435 . 186 202 17 Average Temperature 85 | . 26 86 78 89 60 122 . 96 62 5 Received Heat Transfer 1647 | . 42 78 126 81 9 555 9 . 171 576 Effects 4 | . . . . . . 4 . . . . Shutdowns 2 | . . . . . . 2 . . . . Energy Bleed 1 | . . . . . . 1 . . . . Matter Decay 1 | . . . . . . 1 . . . . Siege Activations . | . . . . . . . . . . . Robots Corrupted 3 | . . . . . 1 2 . . . . Combat Hostiles 3 | . . . . . 1 2 . . . . Parts Fried 29 | . . 5 3 3 2 16 . . . . Impact Corruptions . | . . . . . . . . . . . Robots Melted . | . . . . . . . . . . . Combat Hostiles . | . . . . . . . . . . . Parts Melted 3 | . . . 3 . . . . . . . Heat Transferred 3210 | . 50 311 1175 100 . 800 . . . 774 Parts Sabotaged . | . . . . . . . . . . . Parts Stolen . | . . . . . . . . . . . Parts Stripped . | . . . . . . . . . . . Power Chain Reactions 22 | . . 3 4 1 . 14 . . . . Missiles Intercepted . | . . . . . . . . . . . Alert | -11 -10 -9 -8 -7 -6 -6 -6 -6 -6 -5 ------- Run | Scr Mat Mat Mat Fac Fac Ext Cet Arc Hub Fac Peak Influence 688 | . 234 196 396 239 186 682 505 363 423 688 Average Influence 223 | . 92 61 197 180 115 232 488 305 304 261 Maximum Alert Level 2 | . 1 . 1 1 . 2 2 1 2 2 Low Security (%) 54 | 100 90 100 44 41 100 58 . . 11 57 Level 1 27 | . 9 . 55 58 . 14 8 100 75 17 Level 2 18 | . . . . . . 27 91 . 13 25 Level 3 . | . . . . . . . . . . . Level 4 . | . . . . . . . . . . . Level 5 . | . . . . . . . . . . . High Security . | . . . . . . . . . . . Max Security . | . . . . . . . . . . . Squads Dispatched 24 | . 2 1 2 . 1 5 . . 3 10 Investigation 6 | . 1 . 2 . . 2 . . . 1 Extermination 2 | . . . . . . . . . . 2 Reinforcement 9 | . 1 1 . . 1 2 . . 2 2 Assault 4 | . . . . . . 1 . . 1 2 Garrison 3 | . . . . . . . . . . 3 Intercept . | . . . . . . . . . . . Construction Impeded 4 | . . . . . . 2 . . 1 1 Haulers Reinforced . | . . . . . . . . . . . Stealth | -11 -10 -9 -8 -7 -6 -6 -6 -6 -6 -5 --------- Run | Scr Mat Mat Mat Fac Fac Ext Cet Arc Hub Fac Distress Signals 12 | . 1 . 1 . 1 4 1 . 3 1 Communications Jammed . | . . . . . . . . . . . Distress Signals . | . . . . . . . . . . . Times Spotted 176 | . 15 12 20 8 5 52 7 3 22 32 Peak Tracking Total 8 | . 6 4 5 5 4 8 4 1 6 7 Tactical Retreats 14 | . . 1 1 . 1 4 . . . 7 Traps | -11 -10 -9 -8 -7 -6 -6 -6 -6 -6 -5 ------- Run | Scr Mat Mat Mat Fac Fac Ext Cet Arc Hub Fac Traps Triggered 12 | . 2 . 2 1 . 2 . . . 5 Indirectly . | . . . . . . . . . . . Trap Hack Attempts . | . . . . . . . . . . . Triggered . | . . . . . . . . . . . Disarmed . | . . . . . . . . . . . Reprogrammed . | . . . . . . . . . . . Reused . | . . . . . . . . . . . Traps Extracted . | . . . . . . . . . . . Installed . | . . . . . . . . . . . Triggered . | . . . . . . . . . . . Machines | -11 -10 -9 -8 -7 -6 -6 -6 -6 -6 -5 ---------- Run | Scr Mat Mat Mat Fac Fac Ext Cet Arc Hub Fac Machines Disabled 31 | . . . 2 . 3 5 . 2 2 17 Max in Single Turn 15 | . . . 1 . 3 2 . . 1 15 Garrison Access 3 | . . . . 1 1 . . . 1 . Machines Sabotaged . | . . . . . . . . . . . Garrisons Compromised . | . . . . . . . . . . . Overloaded Fab Kills . | . . . . . . . . . . . Fab Network Shutdowns . | . . . . . . . . . . . Hacking | -11 -10 -9 -8 -7 -6 -6 -6 -6 -6 -5 --------- Run | Scr Mat Mat Mat Fac Fac Ext Cet Arc Hub Fac Machines Accessed 33 | . 1 3 3 5 2 12 1 . 2 4 Terminals 25 | . 1 3 3 2 1 12 1 . 1 1 Fabricators 4 | . . . . 2 . . . . . 2 Repair Stations . | . . . . . . . . . . . Recycling Units 1 | . . . . . . . . . . 1 Scanalyzers . | . . . . . . . . . . . Garrison Access 3 | . . . . 1 1 . . . 1 . Total Hacks 86 | . 4 11 6 19 2 25 3 . 4 12 Successful 54 | . 2 8 4 11 2 13 1 . 4 9 Failed 32 | . 2 3 2 8 . 12 2 . . 3 Catastrophic 2 | . . . . 1 . 1 . . . . Database Lockouts . | . . . . . . . . . . . Manual 40 | . 4 7 5 10 . 7 1 . 3 3 Terminals 68 | . 4 11 6 13 1 25 3 . 3 2 Fabricators 11 | . . . . 5 . . . . . 6 Repair Stations . | . . . . . . . . . . . Recycling Units 4 | . . . . . . . . . . 4 Scanalyzers . | . . . . . . . . . . . Garrison Access 3 | . . . . 1 1 . . . 1 . Terminal Hacks 27 | . 2 5 3 4 1 10 1 . 1 . Part Schematic 7 | . 2 2 2 . . . . . 1 . Open Door 8 | . . . . . 1 6 1 . . . Level Access Points 1 | . . . . 1 . . . . . . Fabricator Index 1 | . . . . 1 . . . . . . Unreport Threat 6 | . . 3 . . . 3 . . . . Locate Traps 2 | . . . . 1 . 1 . . . . Hauler Manifests 1 | . . . 1 . . . . . . . Registered Components 1 | . . . . 1 . . . . . . Fabricator Hacks 6 | . . . . 2 . . . . . 4 Load Schematic 3 | . . . . 1 . . . . . 2 Build 3 | . . . . 1 . . . . . 2 Repair Station Hacks . | . . . . . . . . . . . Recycling Unit Hacks 3 | . . . . . . . . . . 3 Retrieve Matter 1 | . . . . . . . . . . 1 Retrieve Components 2 | . . . . . . . . . . 2 Scanalyzer . | . . . . . . . . . . . Garrison Access Hacks 3 | . . . . 1 1 . . . 1 . Seal Access 3 | . . . . 1 1 . . . 1 . Unauthorized Hacks 15 | . . 3 1 4 . 3 . . 2 2 Terminals 14 | . . 3 1 4 . 3 . . 2 1 Track 6 | . . 2 . 2 . 1 . . 1 . Botnet 7 | . . 1 1 1 . 2 . . 1 1 Operators 1 | . . . . 1 . . . . . . Fabricators 1 | . . . . . . . . . . 1 Prioritize 1 | . . . . . . . . . . 1 Repair Stations . | . . . . . . . . . . . Recycling Units . | . . . . . . . . . . . Scanalyzers . | . . . . . . . . . . . Garrison Access . | . . . . . . . . . . . Data Cores Recovered 1 | . . . . . . 1 . . . . Used . | . . . . . . . . . . . Hacking Detections 21 | . 1 3 3 3 . 7 . . . 4 Full Trace Events 5 | . 1 1 . . . 2 . . . 1 Feedback Events . | . . . . . . . . . . . Feedback Blocked . | . . . . . . . . . . . Robot Schematics Acquired . | . . . . . . . . . . . Robots Built . | . . . . . . . . . . . Matter . | . . . . . . . . . . . Time . | . . . . . . . . . . . Total Robot Build Rating . | . . . . . . . . . . . Part Schematics Acquired 7 | . 2 2 2 . . . . . 1 . Parts Built 3 | . . . . 1 . . . . . 2 Matter 438 | . . . . 146 . . . . . 292 Time 96 | . . . . 24 . . . . . 72 Total Part Build Rating 9 | . . . . 3 . . . . . 6 Parts Repaired . | . . . . . . . . . . . Time . | . . . . . . . . . . . Parts Recycled . | . . . . . . . . . . . Recycled Matter . | . . . . . . . . . . . Retrieved Matter . | . . . . . . . . . . . Retrieved Components 3 | . . . . . . . . . . 3 Parts Scanalyzed . | . . . . . . . . . . . Part Schematics Acquired . | . . . . . . . . . . . Parts Damaged . | . . . . . . . . . . . Bothacking | -11 -10 -9 -8 -7 -6 -6 -6 -6 -6 -5 ------------ Run | Scr Mat Mat Mat Fac Fac Ext Cet Arc Hub Fac Used RIF Installer . | . . . . . . . . . . . Robots Hacked . | . . . . . . . . . . . Non-combat . | . . . . . . . . . . . Combat . | . . . . . . . . . . . Robot Hacks Applied . | . . . . . . . . . . . Relay Couplers Released . | . . . . . . . . . . . Robots Rewired 3 | . . . . . . 3 . . . . Allies Hacked . | . . . . . . . . . . . Hacks Repelled . | . . . . . . . . . . . Allies | -11 -10 -9 -8 -7 -6 -6 -6 -6 -6 -5 -------- Run | Scr Mat Mat Mat Fac Fac Ext Cet Arc Hub Fac Total Allies 17 | . . . . . . 12 5 . . . Largest Group 8 | . . . . . . 6 8 7 3 . Highest-Rated Group 689 | . . . . . . 261 689 595 282 . Highest-Rated Ally 156 | . . . . . . 156 156 156 94 . Total Orders 4 | . . . . . 1 . . . 3 . ROAM 1 | . . . . . . . . . 1 . COLLECT 3 | . . . . . 1 . . . 2 . Ally Attacks 171 | . . . . . . 90 23 30 28 . Total Damage 4518 | . . . . . . 1732 505 1192 1089 . Kills 31 | . . . . . . 17 4 4 6 . Allies Corrupted . | . . . . . . . . . . . Allies Melted . | . . . . . . . . . . . Intel | -11 -10 -9 -8 -7 -6 -6 -6 -6 -6 -5 ------- Run | Scr Mat Mat Mat Fac Fac Ext Cet Arc Hub Fac Robot Analysis Total . | . . . . . . . . . . . Derelict Logs Recovered . | . . . . . . . . . . . Drone Launches 3 | . . . . . 1 . . . 2 . Drone Recoveries 1 | . . . . . 1 . . . . . Exploration | -11 -10 -9 -8 -7 -6 -6 -6 -6 -6 -5 ------------- Run | Scr Mat Mat Mat Fac Fac Ext Cet Arc Hub Fac Turns Passed 5617 | 47 253 429 547 528 278 1427 270 113 434 1291 Spaces Moved 3409 | 36 177 303 342 381 193 860 112 63 225 717 Core 6 | 6 . . . . . . . . . . Treads 1156 | . . . . . . 208 112 63 225 548 Legs 1463 | . . . 237 381 193 652 . . . . Wheels 615 | 30 177 303 105 . . . . . . . Hover 169 | . . . . . . . . . . 169 Flight . | . . . . . . . . . . . Fastest Speed 50 | 50 100 100 100 127 128 122 160 160 160 58 Average Speed 133 | 94 109 105 120 127 128 136 160 160 160 145 Slowest Speed 190 | 150 110 110 160 128 128 160 160 160 160 190 Overloaded Moves . | . . . . . . . . . . . Propulsion Burnouts . | . . . . . . . . . . . Robots Hopped . | . . . . . . . . . . . Cave-ins Triggered . | . . . . . . . . . . . Exploration Rate (%) 41 | 4 44 31 40 17 9 86 68 84 38 31 Regions Visited 10 Branch Regions 4 Pre-discovered Areas . | . . . . . . . . . . . Known Exits Taken 1 | . . . . 1 . . . . . . Unknown Exits Taken 9 | 1 1 1 1 . 1 1 1 1 1 . Scrap Searched . | . . . . . . . . . . . Spaces Dug 14 | . . . . . . 11 . . 2 1 Terrain Destroyed 364 | . . 7 13 38 . 126 41 . 17 122 Melee 3 | . . . . . . . . . 2 1 Projectile . | . . . . . . . . . . . AOE 361 | . . 7 13 38 . 126 41 . 15 121 Actions | -11 -10 -9 -8 -7 -6 -6 -6 -6 -6 -5 --------- Run | Scr Mat Mat Mat Fac Fac Ext Cet Arc Hub Fac Total 4139 | 46 204 368 420 412 216 1030 200 77 281 885 Wait 241 | . 1 2 5 7 15 53 73 7 38 40 Move 3399 | 35 176 302 341 380 192 859 111 62 224 717 Hop . | . . . . . . . . . . . Pick Up 55 | 5 5 9 6 5 1 11 1 1 1 10 Fast Attach 62 | 6 1 11 11 2 2 13 3 1 1 11 Attach 30 | . 1 1 1 2 . 10 . . . 15 Detach 21 | . . 8 . 1 . 5 1 1 . 5 Swap 39 | . 1 1 9 3 . 11 1 2 3 8 Drop 71 | . . 10 18 5 2 12 7 3 2 12 Fire 183 | . 17 24 29 7 4 48 3 . 5 46 Melee 18 | . . . . . . 3 . . 6 9 Ram 3 | . 2 . . . . . . . . 1 Kick . | . . . . . . . . . . . Crush . | . . . . . . . . . . . Escape Stasis 16 | . . . . . . 5 . . . 11 Rewire . | . . . . . . . . . . . Trap . | . . . . . . . . . . . Miscellaneous 1 | . . . . . . . . . 1 . Route ------- -11/Scrapyard -10/Materials (discovered 3 exits: *Mat x2 / [*Min]) -9/Materials (discovered 2 exits: *Mat / [*Min]) -8/Materials -7/Factory (discovered 4 exits: *Fac x4) -6/Factory -6/Extension (discovered 2 exits: *Fac / *Cet) -6/Cetus -6/Archives (discovered 2 exits: *Fac / *Hub) -6/Hub_04(d) -5/Factory (discovered 1 exit: [*Upp]) History --------- Turn | Location | Event 26 | -11/Scrapyard | Discovered new exit (range 14) 48 | -11/Scrapyard | Entered Materials 48 | -10/Materials | Discovered new exit (range 15) 209 | -10/Materials | Discovered new exit (range 5) 284 | -10/Materials | Discovered new exit (range 14) 301 | -10/Materials | Entered another Materials area 301 | -9/Materials | Evolved 2 slots: Propulsion x1, Utility x1 303 | -9/Materials | Build established: Mutant 380 | -9/Materials | Discovered new exit (range 5) 597 | -9/Materials | Discovered new exit (range 4) 730 | -9/Materials | Entered another Materials area 730 | -8/Materials | Evolved 2 slots: Propulsion x1, Utility x1 1240 | -8/Materials | Discovered new exit (range 16) 1277 | -8/Materials | Entered Factory 1277 | -7/Factory | Evolved 2 slots: Power x1, Propulsion x1 1369 | -7/Factory | Identified exit to Factory 1691 | -7/Factory | Fabricated Hacking Suite (x1) 1805 | -7/Factory | Entered another Factory area 1805 | -6/Factory | Evolved 2 slots: Utility x2 1900 | -6/Factory | Spotted B-75 Beast 2078 | -6/Factory | Discovered new exit (range 6) 2083 | -6/Factory | Entered Extension 2161 | -6/Extension | Rescued a captive Derelict 2307 | -6/Extension | Rescued a captive Derelict 2309 | -6/Extension | Rescued a captive Derelict 2324 | -6/Extension | Rescued a captive Derelict 2324 | -6/Extension | Rescued a captive Derelict 2337 | -6/Extension | Rescued a captive Derelict 2770 | -6/Extension | Spotted B-75 Beast 2783 | -6/Extension | Disrupted transfer network 2794 | -6/Extension | Destroyed B-75 Beast 2806 | -6/Extension | Spotted B-75 Beast 2840 | -6/Extension | Destroyed B-75 Beast 2851 | -6/Extension | Lost 3 parts (2u1w) 2943 | -6/Extension | Destroyed 12 combat bots 2944 | -6/Extension | Lost 6 parts (2n2u2w) 3062 | -6/Extension | Lost 4 parts (2n1u1w) 3133 | -6/Extension | First assault squad dispatched 3146 | -6/Extension | Rescued a captive Derelict 3147 | -6/Extension | Rescued a captive Derelict 3241 | -6/Extension | Build established: Scavenger-Mutant 3378 | -6/Extension | Rescued A7 3476 | -6/Extension | Discovered new exit (range 10) 3477 | -6/Extension | Discovered new exit (range 6) 3510 | -6/Extension | Entered Cetus 3510 | -6/Cetus | Accompanied by 4 allies 3515 | -6/Cetus | Acquired a Cetus Manufacturing Module code from A7 3528 | -6/Cetus | Spotted Cetus Guard 3528 | -6/Cetus | Spotted Cetus Guard 3528 | -6/Cetus | Spotted Cetus Guard 3528 | -6/Cetus | Spotted Cetus Guard 3535 | -6/Cetus | Allies destroyed Cetus Guard 3540 | -6/Cetus | Destroyed Cetus Guard 3541 | -6/Cetus | Allies destroyed Cetus Guard 3547 | -6/Cetus | Allies destroyed Cetus Guard 3641 | -6/Cetus | Started Cetus Manufacturing Module 3651 | -6/Cetus | Escorted A7 to Cetus Mainframe 3666 | -6/Cetus | Manufactured an Enhanced Grunt 3678 | -6/Cetus | Discovered new exit (range 21) 3691 | -6/Cetus | Manufactured an Enhanced Grunt 3716 | -6/Cetus | Manufactured an Enhanced Grunt 3741 | -6/Cetus | Manufactured an Enhanced Grunt 3766 | -6/Cetus | Manufactured an Enhanced Grunt 3780 | -6/Cetus | Entered Archives 3780 | -6/Archives | Accompanied by 7 allies 3785 | -6/Archives | Received a hacking code to weaken MAIN.C 3848 | -6/Archives | Unable to access archive contents 3861 | -6/Archives | Discovered new exit (range 21) 3862 | -6/Archives | Discovered new exit (range 17) 3893 | -6/Archives | Entered Hub_04(d) 3893 | -6/Hub_04(d) | Accompanied by 3 allies 4243 | -6/Hub_04(d) | First assault squad dispatched 4314 | -6/Hub_04(d) | Discovered new exit (range 7) 4327 | -6/Hub_04(d) | Entered Factory 4327 | -5/Factory | Evolved 2 slots: Utility x2 4547 | -5/Factory | Lost 3 parts (1u2w) 4565 | -5/Factory | Found Hvy. Reactive Plating 4886 | -5/Factory | Discovered new exit (range 22) 5251 | -5/Factory | Fabricated Missile Launcher (x1) 5294 | -5/Factory | Garrison activated, responded to threat 5337 | -5/Factory | Fabricated Missile Launcher (x1) 5398 | -5/Factory | Lost 6 parts (1p3n1u1w) 5437 | -5/Factory | Core integrity fell below 50% 5467 | -5/Factory | Lost 5 parts (1n3u1w) 5527 | -5/Factory | First assault squad dispatched 5595 | -5/Factory | Core integrity fell below 20% 5618 | -5/Factory | Self-destructed Last Messages --------------- 05544_ System corrupted: Energy discharge (-40). 05552_ Acquired Imp. Launcher Guidance Computer. 05562_ System corrupted: Matter fused (-6). 05571_ Slammed into T-07 Excavator. 05573_ Slug penetrates Wall. 05579_ Acquired Magnetic Acceleration Cannon. 05591_ Terminal disabled. 05592_ Penetrated by Slug. 05594_ Gyrokinetic Inverter destroyed. 05597_ Lrg. Storage Unit destroyed. 05600_ Y<53KW&Y=74OO MSKL9QU4MSZ=D0KK / 05600_ Penetrated by Slug. 05603_ System corrupted: Magnetic Acceleration Cannon targeting data glitched. 05603_ Destroyed Adv. Heat Sink. 05604_ Penetrated by Slug. 05609_ Y-64 Sentinel destroyed. 05609_ System corrupted: Magnetic Acceleration Cannon targeting data glitched. 05615_ Y-64 Sentinel destroyed. Map ----- +----------------------------------------------------+ | ???????????????????????????????????? | | ???????????????????????????????????? | | ???????????????????????????????????? | | ???????????????????????????????????? | | ???????????????????????????????????? | | ???????????????????????????????????? | | ???????????????????????????????????? | | ???????????????????????????????????? | | ???????????????????????????????????? | | ???????????????????????????????????? | | ???????????????????????????????????? | | ???????????????????????????????????? | | ???????????????????????????????????? | | ???????????????????????????????????? | | ???????????????????????????????????? | | ???????????????????????????????????? | | ???????#####################???????? | | ???????# """"" * # #???????? | | ???????# ""T"" # #???????? | | ???????# # #???????? | | ???????# """"""" # ! #???????? | | ???????# """"""" ##+########???????? | | ???????# """"""" ## ########???????? | | ???????# """"""" ## #! % ????????? | | ???????# ## # "!*#????????? | | ???????###+#+###### #[ "!@#????????? | | ?????????# #??# # T"*#????????? | | ?????????# #### #] ""]#????????? | | ?????????#! # ""%#????????? | | ?????????# # [#????????? | | ?????????# # ][[ #????????? | | ?????????# + [! #????????? | | ???????### # [! #????????? | | ???????# """ #######????????? | | ######## """ #????????? | | """ #????????? | | #????????? | | +????????? | | !! #????????? | | !! #????????? | | #### #????????? | | ???# #????????? | | ???# ######""T""######### #????????? | | ???# #????#"""""#???????? #????????? | | ???# #????#######?????????#????????? | | ???# #################?????????????? | | ???# ?????????? | | #??# #####???????????????????? | | #??# #???????????????????????? | | #??# #???????????????????????? | +----------------------------------------------------+ Best States ------------- Heat Dissipation 59 Energy Generation 34 Energy Capacity 520 Matter Stores 300 Matter Capacity 300 Sight Range 22 Terrain Scan Density 10 Armor Coverage 675 Resistance: KI 40 Evasion (%) 52 Targeting Accuracy 6 Launcher Accuracy 30 Core Analysis 8 Recoil Reduction 4 Particle Charging 20 Offensive Hacking 20 Item Schematics ----------------- Grenade Launcher | -10/Materials | Hacked Hcp. Matter Pod | -10/Materials | Hacked Rocket Launcher | -9/Materials | Hacked Tractor Beam | -9/Materials | Hacked Lrn. Tractor Beam | -8/Materials | Hacked Hacking Suite | -8/Materials | Hacked Missile Launcher | -6/Hub_04(d) | Hacked Robot Schematics ------------------ None Fabricated ------------ Hacking Suite | x1 | -7/Factory Missile Launcher | x1 | -5/Factory Missile Launcher | x1 | -5/Factory Alien Tech Used ----------------- None Achievements -------------- None Challenges ------------ None Game ------ Seed AlloyImpactScrap Manual? 0 Play Time 01:14:28 Cumulative 248.6 hours Start 2020.06.09 @ 10:44:12 End 2020.06.09 @ 12:10:01 Sessions 1 Manual Loads 0 Difficulty Rogue Special Mode None Game No. 86 Rogue 86 Adventurer 0 Explorer 0 Win Type - Total 20 Types 16/0/1/2/0/1/0 Lore% 32 Gallery% 74 Achievement% 77 Wizard Run 0 Options --------- ASCII 0 Keyboard 1 Movement Numpad Keybinds 0 Fullscreen 2 Font 20/SmallcapsGlow Map View 66x50 Tactical HUD 1 Map Filters NONE Filters NONE Steam 1 RUN: c81e359d-8cdc-4e93-8105-2f61e77763a6